 Dungeon Crawl Stone Soup version 0.18.1-48-g4cf74bf (webtiles) character file.

5106 raph the Carver (level 10, -2/81 HPs)
             Began as a Minotaur Fighter on July 11, 2016.
             Was a High Priest of Pakellas.
             Impaled on a porcupine's spines (14 damage)
             ... on level 8 of the Dungeon.
             The game lasted 00:21:06 (8795 turns).

raph the Carver (Minotaur Fighter)                  Turns: 8795, Time: 00:21:07

Health: -2/81      AC: 14    Str: 22    XL:     10   Next: 32%
Magic:  15/24      EV:  8    Int:  5    God:    Pakellas [*****.]
Gold:   385        SH:  0    Dex: 15    Spells: 0 memorised, 9 levels left

rFire  . . .     SeeInvis .     a - +0 great sword
rCold  . . .     Gourm    .     g - +0 chain mail
rNeg   . . .     Faith    .     (shield currently unavailable)
rPois  .         Spirit   .     (helmet restricted)
rElec  .         Dismiss  .     r - +2 cloak
rCorr  .         Reflect  .     l - +0 pair of gloves
SustAt .         Harm     .     (no boots)
MR     .....                    (no amulet)
Stlth  ..........               J - +3 ring of dexterity
                                y - ring of magical power

@: not resistant to hostile enchantments, extremely unstealthy
A: retaliatory headbutt, horns 2
a: Quick Charge, Device Surge, Renounce Religion


You were on level 8 of the Dungeon.
You worshipped Pakellas.
Pakellas was extremely pleased with you.
You were not hungry.

You visited 1 branch of the dungeon, and saw 8 of its levels.
You also visited: Sewer.

You collected 385 gold pieces.

Inventory:

Hand Weapons
 a - a +0 great sword (weapon)
 F - a +0 hand crossbow
 L - a +1 long sword
Missiles
 G - 50 bolts
 H - 4 tomahawks (quivered)
Armour
 g - a +0 chain mail (worn)
 l - a +0 pair of gloves (worn)
 r - a +2 cloak (worn)
Rods
 b - a +7 lightning rod (4/14)
   (Pakellas gifted it to you on level 7 of the Dungeon)
Jewellery
 y - a ring of magical power (left hand)
 J - a +3 ring of dexterity (right hand)
Wands
 m - a wand of digging (22/24)
 p - a wand of polymorph (17/24)
 v - a wand of confusion (28/48)
 w - a wand of flame (17/48)
 C - a wand of acid (10/15)
Scrolls
 c - a scroll of remove curse
 k - 2 scrolls of identify
 o - a scroll of magic mapping
 u - 2 scrolls of teleportation
 x - a scroll of recharging
 M - a scroll of fog
 Q - a scroll of enchant armour {unknown}
Potions
 e - 5 potions of brilliance
 i - a potion of lignification
 j - 2 potions of mutation
 n - a potion of cure mutation
 s - 2 potions of magic
 t - 7 potions of curing
 B - 4 potions of heal wounds
 D - a potion of agility
 E - 3 potions of might
 N - a potion of haste
 P - a potion of flight {unknown}
Books
 O - a book of Unlife

   Spells                             Type                      Level
   a - Recall                         Summoning/Translocation      3
   b - Animate Dead                   Necromancy                   4
   c - Control Undead                 Necromancy                   4
   d - Cigotuvi's Embrace             Necromancy                   5
   e - Death Channel                  Necromancy                   6
   f - Simulacrum                     Ice/Necromancy               6
Miscellaneous
 A - a box of beasts
 I - a phial of floods
Comestibles
 d - 3 beef jerkies
 f - 6 bread rations
 q - 5 meat rations
 z - a royal jelly
 K - a slice of pizza


   Skills:
 + Level 5.4 Fighting
 + Level 12.8 Long Blades
 + Level 5.3 Armour
   Level 3.6 Shields
 + Level 8.8 Evocations


You had 9 spell levels left.
You didn't know any spells.

Dungeon Overview and Level Annotations

Branches:
Dungeon (8/15)             Temple (0/1) D:7
   Lair: D:8-11

Altars:
Ashenzari
Dithmenos
Elyvilon
Fedhas
Makhleb
Okawaru
Pakellas
Sif Muna
The Shining One

Shops:
D:6 =   D:8 (

Annotations:
D:5 Prince Ribbit


Innate Abilities, Weirdness & Mutations

You reflexively headbutt those who attack you in melee.
You have a pair of horns on your head.


Message History

You slice the crocodile!!
The crocodile is almost dead.
The crocodile bites you!
* * * LOW HITPOINT WARNING * * *
You slash the crocodile!
You kill the crocodile!
Pakellas accepts your kill.
You feel your power returning. The porcupine completely misses you.
You are struck by the porcupine's spines.
* * * LOW HITPOINT WARNING * * *
You slash the porcupine!
The porcupine is heavily wounded.
The porcupine bites you.
* * * LOW HITPOINT WARNING * * *
You barely miss the porcupine. Your headbutt misses the porcupine.
The porcupine is heavily wounded.
The porcupine bites you but does no damage.
You are struck by the porcupine's spines.
You die...
Pakellas says: Good help is so hard to find these days!

##.##. ....#.#
.....# #...#
#..####+#
##..##rr@+
#....rr#+#
#....l##
+.....#
###.....#
♣.......#
..rr......#.#
.....###..#..#
.... #..##.#


You could see a basilisk, 2 porcupines and 2 river rats.

Vanquished Creatures
  The ghost of Krapule the Vandal, a novice HaBe of Trog (D:6)
  The ghost of tyranidshit the Skirmisher, a novice DDNe (Sewer)
  6 yaks (D:8)
  A wyvern (D:3)
  Eustachio (D:4)
  Menkaure (D:5)
  3 ice beasts
  A porcupine (D:8)
  An orc warrior (D:7)
  An ogre (D:7)
  A centaur (D:5)
  2 crocodiles (D:8)
  A big kobold (Sewer)
  Blork the orc (D:5)
  4 giant frogs
  A gnoll sergeant (D:7)
  A scorpion (D:6)
  A water moccasin skeleton (D:8)
  4 killer bees (D:7)
  5 wights (D:7)
  A giant frog zombie (D:5)
  A centaur zombie (D:6)
  3 orc priests
  2 jellies (D:5)
  2 giant frog skeletons (D:4)
  3 hounds
  A centaur skeleton (D:7)
  8 orc wizards
  Crazy Yiuf (D:2)
  2 iguanas
  5 worker ants
  A hound zombie (D:7)
  2 hound skeletons
  A worker ant zombie (D:7)
  Robin (D:2)
  5 gnolls (D:7)
  6 adders
  12 river rats
  A shadow imp (D:5)
  An ooze (Sewer)
  3 adder skeletons (D:7)
  2 worms
  5 dart slugs
  2 giant geckos
  31 orcs
  5 bats
  8 giant cockroaches
  24 goblins
  11 hobgoblins
  14 jackals
  21 kobolds
  7 quokkas
  8 ball pythons
  A giant gecko skeleton (D:4)
  7 giant newts
  A jackal zombie (D:5)
  A quokka skeleton (D:4)
  24 rats
272 creatures vanquished.

Notes
Turn   | Place    | Note
--------------------------------------------------------------
     0 | D:1      | raph the Minotaur Fighter began the quest for the Orb.
     0 | D:1      | Reached XP level 1. HP: 19/19 MP: 0/0
    17 | D:1      | Reached skill level 3 in Long Blades
   242 | D:1      | Reached XP level 2. HP: 26/26 MP: 1/1
   394 | D:1      | Reached skill level 4 in Long Blades
   663 | D:1      | Reached XP level 3. HP: 30/31 MP: 2/2
   903 | D:2      | Noticed Robin
   919 | D:2      | Killed Robin
   919 | D:2      | HP: 1/31 [goblin/club[Robin] (4)]
   963 | D:1      | HP: 1/31 [hobgoblin[Robin] (4)]
  1019 | D:1      | Reached skill level 5 in Long Blades
  1287 | D:2      | Found a white marble altar of Elyvilon.
  1489 | D:2      | Reached XP level 4. HP: 39/39 MP: 3/3
  1500 | D:2      | Found a shadowy altar of Dithmenos.
  1594 | D:2      | Noticed Crazy Yiuf
  1608 | D:2      | Killed Crazy Yiuf
  2168 | D:2      | Reached skill level 6 in Long Blades
  2535 | D:3      | Reached XP level 5. HP: 45/45 MP: 4/4
  2613 | D:3      | Found an oddly glowing altar of Pakellas.
  2629 | D:3      | Became a worshipper of Pakellas the Inventive
  2699 | D:3      | Reached skill level 1 in Evocations
  2739 | D:3      | Found a glowing golden altar of the Shining One.
  2795 | D:3      | Noticed a wyvern
  2802 | D:3      | Killed a wyvern
  2802 | D:3      | Reached skill level 7 in Long Blades
  2802 | D:3      | Reached XP level 6. HP: 46/51 MP: 6/6
  3197 | D:2      | Found a shadowy altar of Dithmenos.
  3236 | D:4      | Reached * piety under Pakellas
  3236 | D:4      | Received a gift from Pakellas
  3730 | D:4      | Found a shadowy altar of Dithmenos.
  3862 | D:4      | Reached skill level 8 in Long Blades
  3862 | D:4      | Reached XP level 7. HP: 50/57 MP: 8/8
  3919 | D:4      | Noticed Eustachio
  3937 | D:4      | Killed Eustachio
  4156 | D:5      | Entered Level 5 of the Dungeon
  4160 | D:5      | Noticed Menkaure
  4167 | D:5      | Killed Menkaure
  4167 | D:5      | Reached skill level 9 in Long Blades
  4434 | D:5      | Reached ** piety under Pakellas
  4434 | D:5      | Received a gift from Pakellas
  4525 | D:5      | Found a glowing drain.
  4547 | Sewer    | Entered a sewer
  4551 | Sewer    | Noticed tyranidshit's ghost (novice DDNe)
  4560 | Sewer    | Killed tyranidshit's ghost
  4560 | Sewer    | Reached skill level 5 in Evocations
  4560 | Sewer    | Reached XP level 8. HP: 22/64 MP: 11/11
  4779 | Sewer    | Reached skill level 10 in Long Blades
  4952 | Sewer    | Reached *** piety under Pakellas
  4952 | Sewer    | Received a gift from Pakellas
  5568 | D:5      | Reached **** piety under Pakellas
  5568 | D:5      | Received a gift from Pakellas
  5850 | D:5      | Noticed Prince Ribbit
  6393 | D:5      | Found an iron altar of Okawaru.
  6394 | D:5      | Found a blossoming altar of Fedhas.
  6394 | D:5      | Noticed Blork the orc
  6396 | D:5      | Found a shattered altar of Ashenzari.
  6406 | D:5      | Killed Blork the orc
  6411 | D:5      | Found a deep blue altar of Sif Muna.
  6411 | D:5      | Found a burning altar of Makhleb.
  6735 | D:6      | Reached XP level 9. HP: 48/70 MP: 13/13
  6895 | D:6      | Found Penill's Jewellery Shoppe.
  6944 | D:6      | Reached skill level 11 in Long Blades
  6999 | D:6      | Noticed Krapule's ghost (novice HaBe)
  7021 | D:6      | Killed Krapule's ghost
  7572 | D:7      | Reached skill level 12 in Long Blades
  7615 | D:7      | Found a staircase to the Ecumenical Temple.
  7681 | D:7      | Reached ***** piety under Pakellas
  7681 | D:7      | Received a gift from Pakellas
  8587 | D:7      | Reached XP level 10. HP: 80/80 MP: 15/15
  8741 | D:8      | Found Eleptaf's Antique Weapon Boutique.
  8773 | D:8      | Reached skill level 5 in Fighting
  8774 | D:8      | Reached skill level 5 in Armour
  8795 | D:8      | Impaled on a porcupine's spines

Skill      XL: |  1  2  3  4  5  6  7  8  9 10 |
---------------+-------------------------------+-----
Long Blades    | 3 4 5 6 7 8 9 10 12 | 12.8
Evocations     | 2 3 5 6 8 |  8.8
Fighting       | 4 5 |  5.4
Armour         | 4 5 |  5.3
Shields        | |  3.6

Action                   |  1- 3 |  4- 6 |  7- 9 | 10-12 || total
-------------------------+-------+-------+-------+-------++-------
Melee: Long sword        |   117 |   181 |   358 |       ||   656
       Headbutt          |    15 |    20 |    94 |     5 ||   134
       Great sword       |       |       |    65 |    31 ||    96
Invok: Quick Charge      |       |       |     2 |     1 ||     3
Evoke: Wand              |       |     1 |    16 |       ||    17
       Rod               |       |       |     2 |     3 ||     5
  Use: Scroll            |       |     8 |    13 |       ||    21
       Potion            |       |       |     1 |     1 ||     2
 Stab: Confused          |       |       |     1 |       ||     1
  Eat: Chunk             |     2 |     7 |    15 |     1 ||    25
       Beef jerky        |       |       |     1 |       ||     1
Armor: Scale mail        |     4 |       |       |       ||     4
       Chain mail        |    75 |    81 |   230 |     6 ||   392
Dodge: Dodged            |    30 |    27 |    90 |     8 ||   155
Block: Shield            |    69 |    81 |   178 |       ||   328
